Map: Gresvan LE

Players

Rail - Winner!

  • Race: Protoss Protoss
  • Spawn Location: 11:00

Aristori

  • Race: Zerg Zerg
  • Spawn Location: 5:00

Event: ESL SC2 Masters 2023 Summer (Finals)

VOD

Have the link to the VOD?

Description

Time

  • Played on: June 16, 2023, 7:27 a.m.
  • Length: 5:55

All games in this series

Show
View Real Time Build Order
Export as new Build Order

Rail Protoss - Winner!

Build Orders: 1 Gate Expand 

Get SALT Encoding   

  12  0:00  Probe  
  13  0:13  Probe  
  14  0:18  Pylon  
  14  0:25  Probe (Chrono Boost)  
  15  0:37  Probe (Chrono Boost)  
  15  0:39  Gateway  
  16  0:45  Probe (Chrono Boost)  
  16  0:46  Assimilator  
  17  0:51  Probe  
  18  1:03  Probe  
  19  1:15  Probe  
  20  1:26  Nexus  
  20  1:34  Cybernetics Core  
  20  1:35  Probe  
  21  1:42  Assimilator  
  21  1:47  Probe  
  21  1:49  Pylon  
  22  1:59  Probe (Chrono Boost)  
  23  2:10  Probe (Chrono Boost)  
  23  2:11  Robotics Facility  
  23  2:13  Adept  
  23  2:15  Probe (Chrono Boost)  
  27  2:23  Warp Gate  
  27  2:26  Probe (Chrono Boost)  
  28  2:35  Probe (Chrono Boost)  
  29  2:39  Probe (Chrono Boost)  
  29  2:43  Stalker  
  33  2:46  Probe (Chrono Boost)  
  33  2:47  Probe (Chrono Boost)  
  33  2:51  Shield Battery  
  34  2:52  Probe x2 (Chrono Boost)  
  37  2:58  Observer  
  37  3:04  Probe x2  
  39  3:08  Pylon  
  39  3:17  Probe  
  39  3:19  Probe  
  45  3:20  Immortal  
  45  3:37  Shield Battery  
  45  3:39  Adept  
  47  3:44  Shield Battery  
  47  3:52  Shield Battery  
  47  3:53  Shield Battery  
  47  4:12  Gateway  
  47  4:18  Adept  
  47  4:23  Probe  
  47  4:24  Probe  
  51  4:32  Robotics Facility  
  51  4:38  Probe x2  
  52  4:42  Assimilator  
  52  4:44  Assimilator  
  52  4:45  Pylon  
  53  4:47  Pylon  
  53  4:50  Probe  
  53  4:51  Pylon  
  54  5:03  Probe x2, Gateway  
  54  5:04  Gateway  
  54  5:06  Gateway  
  54  5:07  Gateway, Sentry  
  58  5:10  Sentry  
  60  5:15  Probe  
  60  5:19  Warp Prism  
  63  5:32  Pylon, Sentry  
  63  5:33  Sentry  
  63  5:34  Pylon  
  67  5:35  Robotics Bay  
  67  5:36  Pylon  
  67  5:47  Pylon  
Show
View Real Time Build Order
Export as new Build Order

Aristori Zerg 

Build Orders: Hatch First 

Get SALT Encoding   

  12  0:00  Drone  
  13  0:12  Overlord  
  13  0:16  Drone  
  14  0:30  Drone x2  
  16  0:47  Hatchery  
  15  0:51  Drone  
  15  0:54  Drone  
  17  1:05  Extractor  
  17  1:09  Spawning Pool  
  15  1:12  Drone  
  15  1:15  Drone  
  17  1:21  Drone  
  18  1:28  Drone  
  19  1:39  Drone  
  20  1:50  Overlord  
  20  2:00  Queen  
  22  2:01  Queen  
  22  2:03  Zergling x4  
  26  2:08  Metabolic Boost  
  26  2:12  Zergling x2  
  26  2:14  Zergling x2  
  28  2:24  Zergling x4  
  30  2:35  Zergling x4  
  32  2:43  Overlord  
  32  2:44  Zergling x2  
  33  2:54  Zergling x4  
  35  3:04  Zergling x4  
  37  3:13  Zergling x12  
  42  3:29  Zergling x4  
  40  3:37  Zergling x4  
  38  3:48  Zergling x4  
  38  3:55  Zergling x4  
  37  4:04  Zergling x4  
  34  4:12  Zergling x12  
  33  4:26  Zergling x4  
  34  4:36  Hatchery  
  34  4:37  Zergling x6  
  34  4:38  Zergling x4  
  38  4:45  Zergling x2  
  38  4:46  Zergling x2  
  40  4:52  Overlord  
  40  4:59  Overlord  
  40  5:12  Zergling x2  
  40  5:13  Zergling x6  
  42  5:25  Zergling x8  
  42  5:30  Zergling x2  
  42  5:32  Zergling x2  
Tags
 
Add a new tag
Caveats
  • Supply blocks, unpowered buildings, or Contaminate may cause inaccurate times.
  • Supply counts are checked every 10 seconds.